 Dungeon Crawl Stone Soup version 0.18.1-48-g4cf74bf (webtiles) character file.

86 Jerry the Poker (level 4, -4/33 HPs)
             Began as a Merfolk Gladiator on Aug 6, 2016.
             Slain by a gnoll
             ... wielding a +0 halberd
              (17 damage)
             ... on level 2 of the Dungeon.
             The game lasted 00:04:37 (1795 turns).

Jerry the Poker (Merfolk Gladiator)                 Turns: 1795, Time: 00:04:37

Health: -4/33      AC:  4    Str: 15    XL:     4   Next: 50%
Magic:  4/4        EV: 13    Int:  7    God:
Gold:   47         SH:  0    Dex: 15    Spells: 0 memorised, 3 levels left

rFire  . . .     SeeInvis .     a - +0 trident
rCold  . . .     Gourm    .     b - +0 leather armour
rNeg   . . .     Faith    .     (no shield)
rPois  .         Spirit   .     c - +0 helmet
rElec  .         Dismiss  .     (no cloak)
rCorr  .         Reflect  .     (no gloves)
SustAt .         Harm     .     (no boots)
MR     .....                    (no amulet)
Stlth  ++........               (no ring)
                                (no ring)

@: not resistant to hostile enchantments, unstealthy
A: change form in water, swift swim
a: no special abilities


You were on level 2 of the Dungeon.
You were not hungry.

You visited 1 branch of the dungeon, and saw 2 of its levels.

You collected 47 gold pieces.

Inventory:

Hand Weapons
 a - a +0 trident (weapon)
Missiles
 d - 3 throwing nets
 l - 47 stones (quivered)
Armour
 b - a +0 leather armour (worn)
 c - a +0 helmet (worn)
 n - a +0 plate armour
Wands
 k - a wand of digging (19/24)
Scrolls
 e - a scroll of remove curse {unknown}
 j - 2 scrolls of identify {unknown}
Potions
 g - a potion of cancellation {unknown}
 h - 3 potions of lignification {unknown}
 i - a potion of mutation {unknown}
 m - a potion of heal wounds {unknown}
Comestibles
 f - 3 bread rations
 o - a chunk of flesh


   Skills:
 - Level 2.1 Fighting
 + Level 6.0 Polearms
 - Level 2.0 Throwing
 * Level 1.7 Armour
 - Level 4.0 Dodging
 + Level 1.3 Stealth


You had 3 spell levels left.
You didn't know any spells.

Dungeon Overview and Level Annotations

Branches:
Dungeon (2/15)

Altars:


Message History

The gnoll closely misses you.
Attack whom?
Press: ? - help, Dir - move target cursor, f/p - gnoll
Aim: a gnoll, wielding a halberd (moderately wounded)
You reach to attack!
You hit the gnoll but do no damage.
The gnoll is moderately wounded.
The gnoll hits you from afar with a halberd!
Attack whom?
Press: ? - help, Dir - move target cursor, f/p - gnoll
Aim: a gnoll, wielding a halberd (moderately wounded)
You reach to attack!
You barely miss the gnoll.
The gnoll is moderately wounded.
Attack whom?
Press: ? - help, Dir - move target cursor, f/p - gnoll
Aim: a gnoll, wielding a halberd (moderately wounded)
You reach to attack!
You barely miss the gnoll.
The gnoll is moderately wounded.
The gnoll hits you from afar with a halberd!
Ouch! That really hurt!
You die...

. #####........ .. .. #.###.#..
#... #.#.#.###.# #....
#.#.......#
#.....######.###...### #..
#.......###.....#
#.######.......(.....#
..........##.#.##....####
..........##.#(.@.g..'..#
......#.........#...(##.#
#.#.###.####.##.#######.######
..#.###....#..................#
<.....###.....#.#####.........#
.##.#.#.....#.#######.........#
....#.#..#..#.......'.........#
.##.#.......#.....###.........#
....#....##.#.....###.........#


You could see a gnoll.

Vanquished Creatures
  A gnoll (D:1)
  4 adders (D:2)
  2 dart slugs (D:1)
  3 giant geckos
  2 ball pythons (D:1)
  4 giant cockroaches (D:1)
  2 hobgoblins (D:1)
  2 jackals (D:1)
  5 bats
  7 giant newts (D:1)
  2 kobolds
  4 rats
38 creatures vanquished.

Notes
Turn   | Place    | Note
--------------------------------------------------------------
     0 | D:1      | Jerry the Merfolk Gladiator began the quest for the Orb.
     0 | D:1      | Reached XP level 1. HP: 16/16 MP: 1/1
   151 | D:1      | Reached skill level 5 in Polearms
   151 | D:1      | Reached XP level 2. HP: 10/22 MP: 2/2
   733 | D:1      | Reached XP level 3. HP: 27/27 MP: 3/3
   882 | D:1      | Reached skill level 1 in Armour
  1265 | D:2      | Reached skill level 1 in Stealth
  1330 | D:2      | Reached XP level 4. HP: 29/33 MP: 4/4
  1604 | D:2      | Reached skill level 6 in Polearms
  1795 | D:2      | Slain by a gnoll

Skill      XL: |  1  2  3  4 |
---------------+-------------+-----
Polearms       | 5 6 |  6.0
Armour         | 1 |  1.7
Stealth        | 1 |  1.3
Fighting       | |  2.1
Throwing       | |  2.0
Dodging        | |  4.0

Action                   |  1- 3 |  4- 6 || total
-------------------------+-------+-------++-------
Melee: Trident           |    89 |    44 ||   133
Throw: Stone             |     5 |    14 ||    19
 Stab: Sleeping          |     3 |       ||     3
  Eat: Chunk             |     1 |     2 ||     3
Armor: Leather armour    |    18 |     7 ||    25
Dodge: Dodged            |    50 |    30 ||    80
